 Seeded DCSS version 0.29.1-1-gd02db6906a (webtiles) character file.

Game seed: 9708579739092153053 (custom seed)

691 GigaChad the Protected (level 7, -22/66 HPs)
             Began as a Minotaur Fighter on Sept 16, 2022.
             Was an Initiate of Trog.
             Annihilated by a tentacled starspawn (25 damage)
             ... on level 2 of the Abyss.
             The game lasted 00:09:02 (2877 turns).

GigaChad the Protected (Minotaur Fighter)           Turns: 2877, Time: 00:09:02

Health: -22/66     AC: 15    Str: 27    XL:     7   Next: 36%
Magic:  6/6        EV:  7    Int:  5    God:    Trog [......]
Gold:   147        SH:  0    Dex: 11    Spells: 6/6 levels left

rFire   . . .      SeeInvis .   k - +0 lajatang (venom)
rCold   . . .      Faith    .   (shield currently unavailable)
rNeg    . . .      Spirit   .   j - +0 plate armour
rPois   .          Reflect  .   (helmet restricted)
rElec   .          Harm     .   (no cloak)
rCorr   .          Rampage  +   l - +0 pair of gloves "Rahur" {Rampage Str+4 Dex+2}
Will    .....                   (no boots)
Stlth   ..........              (no amulet)
HPRegen 0.21/turn               (no ring)
MPRegen 0.10/turn               (no ring)

@: confused, studying Maces & Flails
A: horns 2, retaliatory headbutt
a: Renounce Religion


You were on level 2 of the Abyss.
You worshipped Trog.
Trog was noncommittal.
You visited 2 branches of the dungeon, and saw 8 of its levels.
You visited the Abyss 1 time.

You collected 147 gold pieces.

Inventory:

Hand Weapons
 a - a +0 long sword
 h - the +7 mace of the Maze {spect, rPois Will+ Str+2}
   (You found it on level 2 of the Dungeon)

   When its wielder attacks, the weapon's spirit leaps out and strikes again.
   The spirit shares a part of any damage it takes with its wielder.
   Str:       It affects your strength (+2).
   rPois:     It protects you from poison.
   Will:      It increases your willpower.
 k - a +0 lajatang of venom (weapon)
Armour
 b - a +0 scale mail
 c - a +0 buckler
 j - a +0 plate armour (worn)
 l - the +0 pair of gloves "Rahur" (worn) {Rampage Str+4 Dex+2}
   (You acquired it on level 3 of the Dungeon)

   Str:       It affects your strength (+4).
   Dex:       It affects your dexterity (+2).
   Rampage:   It bestows one free step when moving towards enemies.
Wands
 m - a wand of flame (4)
Scrolls
 e - 2 scrolls of blinking
 f - 2 scrolls of identify
 i - a scroll of noise
 o - a scroll of fear
 p - a scroll of immolation
Potions
 d - a potion of might
 g - a potion of brilliance {unknown}
 n - a potion of haste {unknown}


   Skills:
 - Level 7.3 Fighting
 - Level 2.4 Long Blades
 + Level 8.2 Armour
 - Level 3.6 Shields


You had 6 spell levels left.
You didn't know any spells.
Your spell library contained the following spells:

 Spells                   Type           Power      Damage    Failure   Level
 Necrotise                Necr           0%         1d4       99%         1
 Vampiric Draining        Necr           0%         2d6       100%        3
 Agony                    Necr           0%         N/A       100%        5


Dungeon Overview and Level Annotations

Branches:
Dungeon (7/15)             Temple (1/1) D:6

Altars:
Dithmenos
Elyvilon
Gozag
Kikubaaqudgha
Makhleb
Nemelex Xobeh
Okawaru
Trog
Xom
Zin
The Shining One

Annotations:
D:5 3 runed translucent doors, AttackTheMoon's ghost, weakling OgDe


Innate Abilities, Weirdness & Mutations

You have a pair of horns on your head.
You reflexively headbutt those who attack you in melee.


Message History

The starspawn tentacle's grasp on you weakens, but your attempt to escape fails.
The starspawn tentacle constricts you.
The starspawn tentacle loses its grip on you.
The tentacle pulls you backwards!
The starspawn tentacle barely misses you.
You furiously retaliate!
You headbutt the starspawn tentacle. The white imp gestures at you.
The puff of frost hits you.
* * * LOW HITPOINT WARNING * * *
The starspawn tentacle grabs you. The starspawn tentacle constricts you.
You escape the starspawn tentacle's grasp.
The glowing orange brain pulsates.
You resist with some effort.
The white imp hits you but does no damage.
The white imp hits you but does no damage.
The glowing orange brain pulsates.
You are confused.
A tentacle flies out from the starspawn's body!
The white imp hits you but does no damage.
A starspawn tentacle comes into view.
You hit the starspawn tentacle.
The starspawn tentacle is lightly damaged.
The starspawn tentacle grabs you. The starspawn tentacle constricts you.
* * * LOW HITPOINT WARNING * * *
The starspawn tentacle loses its grip on you.
The tentacle pulls you backwards! The white imp hits you.
* * * LOW HITPOINT WARNING * * *
The white imp freezes you.
* * * LOW HITPOINT WARNING * * *
The white imp hits you.
* * * LOW HITPOINT WARNING * * *
The white imp freezes you.
* * * LOW HITPOINT WARNING * * *
The starspawn tentacle grabs you. The starspawn tentacle constricts you.
* * * LOW HITPOINT WARNING * * *
You hit the tentacled starspawn.
The starspawn tentacle loses its grip on you.
The tentacled starspawn is lightly damaged.
The tentacled starspawn bites you!!
You die...

. #. #### .##.#. ##
## . .#... .###.#..
#. .Λ# #....# ..#
##.# #w#.>...##
#.##...##w@.......
###.#..##.\.X5.###...
..#.....#.V.#.....#
#.##..#.G..######.
#...##.##.#
#.│#...#..# ~# # #..
#.....# ~. #. #
##.##. .~ #.### #.. .


You could see a tentacled starspawn, a glowing orange brain, 2 starspawn
tentacles and a white imp.

Vanquished Creatures
  Eustachio (D:6)
  A black bear (D:6)
  A starcursed mass (Abyss:2)
  A scorpion (D:4)
  A small abomination (Abyss:1)
  A jelly (D:6)
  An orc priest (D:3)
  A hound (D:4)
  3 iguanas
  An orc wizard (D:4)
  4 adders
  A worm (D:3)
  A dart slug (D:5)
  10 orcs
  2 bats (D:3)
  An endoplasm (D:3)
  2 giant cockroaches
  5 goblins
  3 hobgoblins
  4 jackals (D:2)
  3 ball pythons
  2 frilled lizards
  3 kobolds
53 creatures vanquished.

Vanquished Creatures (others)
  5 starspawn tentacles (Abyss:2)
5 creatures vanquished.

Grand Total: 58 creatures vanquished

Notes
Turn   | Place    | Note
-------+----------+-------------------------------------------
     0 | D:1      | GigaChad the Minotaur Fighter began the quest for the Orb.
     0 | D:1      | Reached XP level 1. HP: 19/19 MP: 0/0
   156 | D:2      | Reached XP level 2. HP: 26/27 MP: 1/1
   295 | D:2      | Identified the +7 mace of the Maze {spect, rPois Will+
                  | Str+2}
   794 | D:3      | Reached skill level 5 in Fighting
   794 | D:3      | Reached XP level 3. HP: 14/36 MP: 2/2
  1230 | D:3      | Reached XP level 4. HP: 40/44 MP: 3/3
  1240 | D:3      | Identified 3 scrolls of acquirement
  1240 | D:3      | Acquired a manual of Maces & Flails
  1242 | D:3      | Acquired the +0 pair of gloves "Rahur" {Rampage Str+4
                  | Dex+2}
  1249 | D:3      | Acquired a +0 lajatang of venom
  1921 | D:4      | Noticed a scorpion
  1926 | D:4      | Killed a scorpion
  1927 | D:4      | Reached XP level 5. HP: 44/52 MP: 4/4
  1955 | D:4      | Reached skill level 4 in Armour
  2159 | D:5      | Entered Level 5 of the Dungeon
  2159 | D:5      | Noticed AttackTheMoon's ghost (weakling OgDe)
  2159 | D:5      | Found a runed translucent gate.
  2159 | D:5      | Found a runed translucent gate.
  2159 | D:5      | Found a runed translucent gate.
  2234 | D:5      | Reached skill level 5 in Armour
  2234 | D:5      | Reached XP level 6. HP: 60/60 MP: 5/5
  2259 | D:6      | Noticed Eustachio
  2285 | D:6      | Killed Eustachio
  2286 | D:6      | Reached skill level 6 in Armour
  2378 | D:6      | Found a staircase to the Ecumenical Temple.
  2387 | Temple   | Entered the Ecumenical Temple
  2398 | Temple   | Became a worshipper of Trog the Wrathful
  2513 | D:6      | Reached skill level 7 in Armour
  2538 | D:6      | Reached XP level 7. HP: 56/66 MP: 6/6
  2661 | Abyss:1  | Cast into level 1 of the Abyss (orc wizard)
  2714 | Abyss:1  | Noticed a starcursed mass
  2774 | Abyss:2  | Killed a starcursed mass
  2775 | Abyss:2  | Reached skill level 8 in Armour
  2846 | Abyss:2  | Noticed a tentacled starspawn
  2848 | Abyss:2  | Noticed a glowing orange brain
  2876 | Abyss:2  | HP: 3/66 [white imp (5)]
  2877 | Abyss:2  | Annihilated by a tentacled starspawn

Illustrated notes

Levels and vault maps discovered:
D:1:      matt_arrival_spirals, layout_loops_ring,
          chequers_ecumenical_altar_island, chequers_serial_rivers_room_b,
          minmay_misc_feat_nine_boxes
D:2:      layout_basic, chequers_serial_rivers_small_3
D:3:      layout_loops_ring
D:4:      layout_loops_corners, kennysheep_generic_room_5, uniq_robin
D:5:      kennysheep_kobold_camp, layout_cave_pools,
          gammafunk_ghost_nasty_kobolds, nicolae_fountain_basement
D:6:      minmay_evil_eye, layout_loops_ring, jmf_multi_god_temple2,
          temple_statues, gup_sewer_entry_bubbles, uniq_grinder, uniq_eustachio
D:7:      layout_loops_ring, worms_lemuel, uniq_prince_ribbit1
Temple:   hellmonk_temple_two_chambers
Abyss:2:  base: D:5, abyss_greek_temple

Skill      XL: |  1  2  3  4  5  6  7 |
---------------+----------------------+-----
Fighting       | 4 5 7 |  7.3
Armour         | 5 7 8 |  8.2
Long Blades    | |  2.4
Shields        | |  3.6

Action                   |  1- 3 |  4- 6 |  7- 9 || total
-------------------------+-------+-------+-------++-------
Melee: Long sword        |     9 |       |       ||     9
       Headbutt          |     1 |    16 |     1 ||    18
       Mace              |    32 |       |       ||    32
       Lajatang          |       |    65 |    12 ||    77
  Use: Scroll            |       |     4 |     4 ||     8
Armor: Scale mail        |    12 |       |       ||    12
       Plate armour      |    21 |    56 |     8 ||    85
Dodge: Dodged            |    21 |    38 |     2 ||    61
Block: Buckler           |     6 |       |       ||     6
